 Dungeon Crawl Stone Soup version 0.23.3-3-gaaff5abdbf (webtiles) character file.

Game seed: 5424776906635124837

26479 MordorOrchid the Grappler (level 12, -16/94 HPs)
             Began as a Minotaur Summoner on June 6, 2020.
             Was the Champion of Cheibriados.
             Killed from afar by a dream sheep (23 damage)
             ... with an exploding inner flame
             ... hexed by the player character
             ... on level 4 of the Lair of Beasts on June 7, 2020.
             The game lasted 01:49:49 (11876 turns).

MordorOrchid the Grappler (Minotaur Summoner)      Turns: 11876, Time: 01:49:50

Health: -16/94     AC: 20    Str: 27    XL:     12   Next: 98%
Magic:  0/27       EV: 20    Int: 30    God:    Cheibriados [******]
Gold:   1349       SH:  7    Dex: 28    Spells: 1/21 levels left

rFire    . . .     SeeInvis .     - Unarmed
rCold    + . .     Gourm    .   f - +0 buckler
rNeg     + . .     Faith    .   I - +1 scale mail {rC+}
rPois    +         Spirit   +   y - +1 hat {MR+}
rElec    .         Reflect  .   D - +2 ratskin cloak {+Rats rPois rN+ Str-1 Int-1 Dex+1}
rCorr    .         Harm     .   t - +0 pair of gloves
MR       +....                  C - +1 pair of boots
Stlth    +.........             G - amulet of guardian spirit
HPRegen  0.25/turn              o - ring of magical power
MPRegen  0.20/turn              W - +3 ring of protection

@: very slow
A: retaliatory headbutt, horns 2
a: Bend Time, Temporal Distortion, Slouch, Step From Time, Renounce Religion,
Evoke Ratskin


You were on level 4 of the Lair of Beasts.
You worshipped Cheibriados.
Cheibriados was exalted by your worship.
You were not hungry.

You visited 3 branches of the dungeon, and saw 17 of its levels.
You also visited: Ice Cave.

You collected 1466 gold pieces.
You spent 117 gold pieces at shops.

Inventory:

Hand Weapons
 j - a +2 hunting sling of velocity
 w - the +4 dagger "Gadenya" {pierce, -Tele rPois MR++ Str+4}
   (You found it on level 1 of the Lair of Beasts)

   It inflicts extra damage upon your enemies.
   It affects your strength (+4).
   It protects you from poison.
   It affects your resistance to hostile enchantments.
   It prevents most forms of teleportation.
 O - a +2 scimitar of flaming
Missiles
 h - 7 javelins (quivered)
 p - 103 bolts
 q - 288 arrows
 A - 5 needles of sleeping
 R - 22 tomahawks
 S - 91 sling bullets
Armour
 f - a +0 buckler (worn)
 s - a +1 ring mail of fire resistance
 t - a +0 pair of gloves (worn)
 y - a +1 hat of magic resistance (worn)
 C - a +1 pair of boots (worn)
 D - the +2 ratskin cloak (worn) {+Rats rPois rN+ Str-1 Int-1 Dex+1}
   (You found it on level 5 of the Dungeon)

   It affects your strength (-1).
   It affects your intelligence (-1).
   It affects your dexterity (+1).
   It protects you from poison.
   It protects you from negative energy.
 I - a +1 scale mail of cold resistance (worn)
 Q - a +1 chain mail of magic resistance
 U - a scarf of cloud immunity
Jewellery
 o - a ring of magical power (left hand)
 G - an amulet of guardian spirit (around neck)
 M - a +2 ring of slaying
 N - an uncursed ring of protection from cold
 P - an uncursed ring of positive energy
 V - the ring "Kymas" {rPois MR+}
   (You found it in an ice cave)

   [ring of protection from magic]

   It protects you from poison.
   It affects your resistance to hostile enchantments.
 W - a +3 ring of protection (right hand)
 Y - an uncursed amulet of the acrobat
 Z - an uncursed ring of see invisible
Wands
 b - a wand of iceblast (10)
 d - a wand of enslavement (6)
 r - a wand of flame (28)
Scrolls
 a - 5 scrolls of remove curse
 g - a scroll of silence {unknown}
 i - a scroll of blinking {unknown}
 k - a scroll of vulnerability
 l - 3 scrolls of immolation
 m - 3 scrolls of teleportation
 v - a scroll of noise
 x - a scroll of magic mapping
 B - a scroll of torment {unknown}
 H - a scroll of amnesia {unknown}
 T - a scroll of fog {unknown}
 X - a scroll of fear {unknown}
Potions
 e - 2 potions of mutation {unknown}
 n - 5 potions of brilliance
 z - 2 potions of curing
 E - a potion of lignification {unknown}
 J - 3 potions of flight
 K - a potion of ambrosia
 L - a potion of heal wounds
Comestibles
 c - 26 rations


   Skills:
 - Level 5.0 Fighting
 * Level 9.1 Armour
 * Level 10.0 Dodging
 - Level 1.5 Stealth
 - Level 4.0 Shields
 - Level 10.0 Unarmed Combat
 * Level 5.0 Spellcasting
 * Level 0.1 Conjurations
 - Level 1.0 Hexes
 + Level 7.3 Summonings
 - Level 2.0 Translocations
 - Level 4.0 Ice Magic
 * Level 2.6 Air Magic
 * Level 5.4 Invocations
 - Level 5.0 Evocations


You had one spell level left.
You knew the following spells:

 Your Spells              Type           Power        Failure   Level  Hunger
a - Summon Small Mammal   Summ           ####         1%          1    None
b - Call Imp              Summ           ######..     1%          2    None
c - Call Canine Familiar  Summ           ######..     1%          3    None
g - Mephitic Cloud        Conj/Pois/Air  ##......     24%         3    None
j - Summon Lightning Spi  Summ/Air       #####...     14%         4    ###....
s - Summon Ice Beast      Ice/Summ       #####...     11%         4    ###....
x - Blink                 Tloc           N/A          8%          2    None
A - Confusing Touch       Hex            ##....       8%          1    None

Your spell library contained the following spells:

 Spells                   Type           Power        Failure   Level  Hunger
 Corona                   Hex            ##.....      8%          1    None
 Magic Dart               Conj           #...         11%         1    None
 Ensorcelled Hibernation  Hex/Ice        ###...       6%          2    None
 Summon Guardian Golem    Hex/Summ       ####....     6%          3    None
 Slow                     Hex            ##......     12%         2    None
 Gell's Gravitas          Tloc           ###.......   16%         3    None
 Confuse                  Hex            ##......     22%         3    None
 Tukima's Dance           Hex            ##......     22%         3    None
 Dazzling Spray           Conj/Hex       ##....       26%         3    None
 Conjure Flame            Conj/Fire      #.......     32%         3    None
 Petrify                  Tmut/Erth      #.......     75%         4    ###....
 Metabolic Englaciation   Hex/Ice        ###.......   75%         5    #####..
 Yara's Violent Unravell  Hex/Tmut       ##........   95%         5    #####..


Dungeon Overview and Level Annotations

Branches:
Dungeon (11/15)            Temple (1/1) D:6            Lair (5/6) D:11
  Swamp (0/4) Lair:4       Spider (0/4) Lair:4          Orc (0/2) D:9
  Slime: Lair:5-6

Altars:
Ashenzari
Cheibriados
Dithmenos
Elyvilon
Fedhas
Nemelex Xobeh
Okawaru
Ru
Trog
Uskayaw
Xom

Shops:
D:6 *   D:9 [   D:10 [   D:11 %

Annotations:
D:10 3 runed translucent doors, vandaahl's ghost, novice MiBe
Lair:5 exclusion: lightning spire


Innate Abilities, Weirdness & Mutations

You reflexively headbutt those who attack you in melee.
You have a pair of horns on your head.


Message History

You fall asleep.
The dream sheep bites you but does no damage.
The meliai hits you with a +0 war axe!!
You wake up.
* * * LOW HITPOINT WARNING * * *
The meliai hits your lightning spire but does no damage.
The meliai completely misses you. The dream sheep misses you. x2
You furiously retaliate!
You headbutt the dream sheep, but do no damage.
You block the meliai's attack.
The meliai hits your lightning spire but does no damage.
The meliai stings you.
* * * LOW HITPOINT WARNING * * *
The dream sheep closely misses you. You furiously retaliate!
You headbutt the dream sheep.
Your lightning spire shoots out a bolt of lightning at the meliai!
The bolt of electricity hits the meliai.
The bolt of electricity hits the dream sheep!!
The dream sheep explodes!
The fiery explosion engulfs you!!
You die...

## ###....#### ####..#*
.####.#P...##.###.##..##
.......P.............PP#
........<..............#
##......♣..#.##P#......#
####♣.≈≈...♣#♣######...#
....≈.≈.≈.≈.♣♣####.#..##
......≈.≈.≈≈≈..Y.8....#
.♣≈..≈≈.≈..≈≈..Y@y§...##
.♣..≈≈≈≈....≈≈..§§.....#
.≈≈≈≈≈≈.≈.......§§§...##
.≈...≈.≈.≈.≈≈≈.........##
..≈≈≈.≈.≈.≈...≈.......#.#
.......≈.≈≈≈≈≈≈........##
..≈≈....≈≈≈≈.....#....##
.♣.≈≈..≈.≈≈..≈...##...#
...≈≈≈.≈.≈...♣........#


You could see a meliai, 2 dream sheep and a friendly lightning spire.

Vanquished Creatures
  Gastronok (Lair:2)
  Fannar (Lair:2)
  A hydra (Lair:2)
  A catoblepas (Lair:2)
  5 death yaks
  An unseen horror (D:11)
  A manticore (D:11)
  A cyclops (D:11)
  2 elephants (Lair:3)
  2 ice statues (IceCv)
  A gargoyle (D:11)
  A spiny frog (Lair:4)
  A rime drake (IceCv)
  2 komodo dragons
  2 jumping spiders (Lair:4)
  2 hippogriffs
  A redback (Lair:4)
  A spriggan (D:9)
  A wraith (D:11)
  21 yaks
  A hungry ghost (D:7)
  Edmund (D:5)
  4 water moccasins
  3 porcupines
  2 orc warriors (D:11)
  15 ice beasts
  A sky beast (D:9)
  2 phantoms
  2 ogres
  7 wolves
  4 centaurs
  5 crocodiles
  A big kobold (D:8)
  6 bullfrogs
  5 wights
  4 killer bees
  3 howler monkeys
  An electric eel (Lair:4)
  2 crimson imps
  A bullfrog zombie (D:11)
  2 jellies (D:11)
  8 orc priests
  A hound (D:4)
  4 orc wizards
  A bullfrog skeleton (D:11)
  2 iguanas
  Ijyb (D:5)
  4 worker ants
  3 killer bee zombies
  A hound zombie (D:7)
  A worker ant zombie (D:6)
  A gnoll (D:11)
  6 adders
  4 river rats (D:5)
  An ooze (D:1)
  2 adder skeletons
  A worm (D:3)
  A dart slug (D:1)
  6 leopard geckos
  36 orcs
  A ball python (D:3)
  6 giant cockroaches
  6 goblins
  3 hobgoblins
  10 jackals
  5 quokkas
  8 bats
  4 frilled lizards
  A jackal zombie (D:6)
  9 kobolds
  19 rats
277 creatures vanquished.

Vanquished Creatures (collateral kills)
  A hydra (Lair:4)
  2 ice dragons (IceCv)
  Erica (D:9)
  A two-headed ogre (D:8)
  An ugly thing (D:9)
  A centaur zombie (D:10)
  An elephant (Lair:3)
  A black mamba (Lair:3)
  2 spiny frogs (Lair:2)
  3 komodo dragons
  A rime drake (IceCv)
  2 jumping spiders (Lair:4)
  4 hippogriffs
  2 dream sheep (Lair:5)
  A wyvern (D:8)
  A basilisk (Lair:5)
  4 yaks
  A hungry ghost (D:7)
  3 porcupines
  A sky beast (D:9)
  A black bear (D:9)
  2 orc warriors (D:8)
  8 ice beasts
  3 ogres
  A phantom (D:10)
  A wolf (Lair:1)
  2 centaurs
  4 crocodiles
  2 bullfrogs
  2 scorpions
  2 killer bees (D:8)
  2 wights
  4 howler monkeys
  2 crimson imps
  A bullfrog skeleton (D:10)
  2 hounds
  3 orc priests
  A jelly (D:5)
  4 orc wizards
  A hell rat (D:5)
  3 iguanas
  3 worker ants
  6 adders
  2 river rats (D:5)
  2 shadow imps
  A worm (D:3)
  10 orcs
  2 giant cockroaches
  5 goblins
  3 hobgoblins
  7 jackals
  A ball python (D:1)
  2 bats
  3 frilled lizards
  A kobold (D:2)
  7 rats
  A plant (Lair:2)
141 creatures vanquished.

Vanquished Creatures (others)
  2 fungi (Lair:4)
  6 plants
8 creatures vanquished.

Grand Total: 426 creatures vanquished

Notes
Turn   | Place    | Note
-------+----------+-------------------------------------------
     0 | D:1      | MordorOrchid the Minotaur Summoner began the quest for the
                  | Orb.
     0 | D:1      | Reached XP level 1. HP: 14/14 MP: 1/1
   271 | D:1      | Reached skill level 1 in Fighting
   271 | D:1      | Reached XP level 2. HP: 15/23 MP: 3/3
   279 | D:1      | Reached skill level 1 in Armour
   320 | D:1      | Learned a level 2 spell: Call Imp
   351 | D:1      | Reached skill level 1 in Unarmed Combat
   761 | D:2      | Reached XP level 3. HP: 28/28 MP: 4/4
   815 | D:2      | Found a shadowy altar of Dithmenos.
   844 | D:2      | Found an iron altar of Okawaru.
  1061 | D:2      | Found a faded altar of an unknown god.
  1106 | D:2      | Reached XP level 4. HP: 32/35 MP: 5/5
  1489 | D:3      | Found a shattered altar of Ashenzari.
  1647 | D:3      | Found a hide-covered altar of Uskayaw.
  1838 | D:3      | Found a blossoming altar of Fedhas.
  1885 | D:3      | Reached XP level 5. HP: 41/41 MP: 7/7
  1912 | D:3      | Learned a level 3 spell: Call Canine Familiar
  1955 | D:4      | Reached skill level 1 in Shields
  2011 | D:4      | Noticed an ogre
  2019 | D:4      | Killed an ogre
  2165 | D:4      | Found a bloodstained altar of Trog.
  2289 | D:4      | Reached XP level 6. HP: 48/48 MP: 8/8
  2407 | D:5      | Entered Level 5 of the Dungeon
  2694 | D:5      | Noticed Ijyb
  2699 | D:5      | Noticed Edmund
  2727 | D:5      | Killed Edmund
  3009 | D:5      | Learned a level 4 spell: Summon Ice Beast
  3033 | D:5      | Killed Ijyb
  3326 | D:5      | Found the +2 ratskin cloak {+Rats rPois rN+ Str-1 Int-1
                  | Dex+1}
  3337 | D:5      | Reached XP level 7. HP: 48/55 MP: 4/10
  3484 | D:6      | Found a staircase to the Ecumenical Temple.
  3493 | Temple   | Entered the Ecumenical Temple
  3506 | Temple   | Became a worshipper of Cheibriados the Contemplative
  3945 | D:6      | Found Nuovisk's Assorted Antiques.
  3962 | D:6      | Bought a scroll labeled UCHEGIYCUPS for 25 gold pieces
  3962 | D:6      | Bought a green potion for 22 gold pieces
  4066 | D:6      | Found a sparkling altar of Nemelex Xobeh.
  4232 | D:7      | Reached XP level 8. HP: 61/61 MP: 12/12
  4325 | D:7      | Reached * piety under Cheibriados
  4610 | D:7      | Learned a level 2 spell: Blink
  4676 | D:8      | Reached skill level 5 in Summonings
  4812 | D:8      | Noticed a two-headed ogre
  4971 | D:8      | Found a white marble altar of Elyvilon.
  4997 | D:8      | Found a shimmering altar of Xom.
  5196 | D:8      | Reached ** piety under Cheibriados
  5225 | D:8      | Reached XP level 9. HP: 40/67 MP: 14/14
  5733 | D:8      | Killed a two-headed ogre
  5733 | D:8      | Reached skill level 5 in Dodging
  5735 | D:8      | Reached skill level 1 in Translocations
  6018 | D:9      | Found Maorphewk's Armour Shoppe.
  6274 | D:9      | Noticed a green ugly thing
  6296 | D:9      | Killed a purple ugly thing
  6333 | D:9      | Reached skill level 5 in Armour
  6360 | D:9      | Reached skill level 5 in Unarmed Combat
  6399 | D:9      | Reached *** piety under Cheibriados
  6413 | D:9      | Found a staircase to the Orcish Mines.
  6544 | D:9      | Reached skill level 5 in Spellcasting
  6642 | D:9      | Noticed Erica
  6679 | D:9      | Killed Erica
  6679 | D:9      | Reached XP level 10. HP: 35/77 MP: 7/16
  6829 | D:9      | Reached **** piety under Cheibriados
  6895 | D:9      | Learned a level 4 spell: Summon Lightning Spire
  6910 | D:10     | Entered Level 10 of the Dungeon
  7015 | D:10     | Found a runed translucent gate.
  7015 | D:10     | Found a runed translucent gate.
  7015 | D:10     | Found a runed translucent gate.
  7016 | D:10     | Noticed a nine-headed hydra
  7016 | D:10     | Noticed vandaahl's ghost (novice MiBe)
  7016 | D:10     | Noticed a 12-headed hydra
  7460 | D:10     | Found Mumniot's Armour Shop.
  7494 | D:10     | Bought a scarf of cloud immunity for 70 gold pieces
  7588 | D:11     | Found Ucvaism's Food Boutique.
  7588 | D:11     | Noticed a death yak
  7590 | D:11     | Noticed a death yak
  7598 | D:10     | Reached ***** piety under Cheibriados
  7685 | D:11     | Noticed a white ugly thing
  7703 | D:10     | Reached skill level 1 in Ice Magic
  7703 | D:10     | Reached skill level 1 in Invocations
  7751 | D:11     | Noticed a death yak
  7764 | D:11     | Reached skill level 1 in Evocations
  7770 | D:11     | Noticed a manticore
  7788 | D:10     | Killed a death yak
  7890 | D:11     | Killed a manticore
  7982 | D:11     | Killed an unseen horror
  7982 | D:11     | Reached XP level 11. HP: 44/84 MP: 10/17
  8026 | D:11     | Noticed a death yak
  8027 | D:11     | Noticed a death yak
  8048 | D:11     | Killed a death yak
  8050 | D:11     | HP: 2/84 [death yak (5)]
  8052 | D:11     | Killed a death yak
  8243 | D:11     | Killed a death yak
  8258 | D:11     | Killed a death yak
  8553 | D:11     | Found a staircase to the Lair.
  8724 | D:11     | Found a shimmering altar of Xom.
  8832 | Lair:1   | Entered Level 1 of the Lair of Beasts
  8950 | Lair:1   | Got a smoking dagger
  9630 | Lair:2   | Noticed Gastronok
  9640 | Lair:2   | Killed Gastronok
  9658 | Lair:2   | Noticed a four-headed hydra
  9669 | Lair:2   | Killed a three-headed hydra
  9669 | Lair:2   | Reached XP level 12. HP: 89/92 MP: 4/18
  9673 | Lair:2   | Reached skill level 1 in Air Magic
  9679 | Lair:2   | Learned a level 1 spell: Confusing Touch
  9714 | Lair:2   | Noticed Fannar
  9727 | Lair:2   | Killed Fannar
  9892 | Lair:2   | Noticed a catoblepas
  9908 | Lair:2   | Killed a catoblepas
 10284 | Lair:3   | Identified the +4 dagger "Gadenya" {pierce, -Tele rPois
                  | MR++ Str+4} (You found it on level 1 of the Lair of Beasts)
 10582 | Lair:3   | Reached skill level 1 in Hexes
 10740 | Lair:4   | Reached skill level 5 in Fighting
 10817 | Lair:4   | Reached ****** piety under Cheibriados
 10875 | Lair:4   | Found a frozen archway.
 10918 | IceCv    | Entered an ice cave
 10963 | IceCv    | Reached skill level 5 in Invocations
 11132 | IceCv    | Noticed an ice dragon
 11132 | IceCv    | Noticed an ice dragon
 11151 | IceCv    | Killed an ice dragon
 11152 | IceCv    | Killed an ice dragon
 11152 | IceCv    | Reached skill level 5 in Evocations
 11193 | IceCv    | Got a twitching jade ring
 11245 | IceCv    | Identified the ring "Kymas" {rPois MR+} (You found it in an
                  | ice cave)
 11332 | Lair:4   | Found a hole to the Spider Nest.
 11337 | Lair:4   | Reached skill level 10 in Unarmed Combat
 11645 | Lair:4   | Found a staircase to the Swamp.
 11656 | Lair:4   | Noticed a five-headed hydra
 11664 | Lair:4   | Killed a five-headed hydra
 11664 | Lair:4   | Reached skill level 10 in Dodging
 11766 | Lair:4   | Learned a level 3 spell: Mephitic Cloud
 11876 | Lair:4   | Killed from afar by a dream sheep

Skill      XL: |  1  2  3  4  5  6  7  8  9 10 11 12 |
---------------+-------------------------------------+-----
Fighting       | 1 2 3 4 5 |  5.0
Armour         | 1 2 4 5 7 9 |  9.1
Unarmed Combat | 1 2 3 4 6 8 10 | 10.0
Summonings     | 3 4 5 6 7 |  7.3
Spellcasting   | 2 3 4 5 |  5.0
Dodging        | 3 4 5 7 9 10 | 10.0
Shields        | 1 2 4 |  4.0
Translocations | 2 |  2.0
Ice Magic      | 2 3 4 |  4.0
Invocations    | 2 4 5 |  5.4
Evocations     | 2 4 5 |  5.0
Air Magic      | 2 |  2.6
Hexes          | 1 |  1.0
Stealth        | |  1.5
Conjurations   | |  0.1

Action                   |  1- 3 |  4- 6 |  7- 9 | 10-12 || total
-------------------------+-------+-------+-------+-------++-------
Melee: Unarmed           |   100 |   154 |   111 |   545 ||   910
       Headbutt          |    10 |    27 |    56 |   229 ||   322
       Flail             |       |    19 |   120 |       ||   139
       Scimitar          |       |       |       |     1 ||     1
Throw: Javelin           |       |       |     1 |     3 ||     4
 Cast: Summon Small Mamm |    20 |       |       |       ||    20
       Call Imp          |    11 |    78 |    94 |    32 ||   215
       Call Canine Famil |       |     7 |    42 |    65 ||   114
       Summon Ice Beast  |       |       |     8 |    48 ||    56
       Summon Lightning  |       |       |       |    10 ||    10
       Confusing Touch   |       |       |       |     4 ||     4
Invok: Bend Time         |       |       |     2 |     8 ||    10
 Abil: Evoke Ratskin     |       |       |       |     1 ||     1
Evoke: Wand              |       |       |     2 |     2 ||     4
  Use: Scroll            |       |     7 |    10 |    17 ||    34
       Potion            |       |     1 |     3 |     8 ||    12
 Stab: Sleeping          |     1 |     9 |       |     1 ||    11
       Distracted        |     1 |     2 |     4 |    14 ||    21
       Confused          |       |       |       |     1 ||     1
  Eat: Chunk             |     2 |    15 |    16 |    19 ||    52
       Ration            |       |       |     1 |       ||     1
Armor: Robe              |    33 |    20 |       |       ||    53
       Leather armour    |       |     5 |    10 |       ||    15
       Animal skin       |       |     1 |       |       ||     1
       Ring mail         |       |       |    71 |   100 ||   171
       Scale mail        |       |       |       |    36 ||    36
Dodge: Dodged            |    81 |    96 |   148 |   397 ||   722
Block: Buckler           |     1 |    26 |    56 |   170 ||   253
